 Dungeon Crawl Stone Soup version 0.28-a0-401-ge240ad9e29 (webtiles) character file.

Game seed: 14878957516387536820

109 Sabo the Covered (level 4, -1/29 HPs)
             Began as a Gargoyle Fighter on Sept 4, 2021.
             Slain by an orc (2 damage)
             ... on level 3 of the Dungeon.
             The game lasted 00:10:59 (2361 turns).

Sabo the Covered (Gargoyle Fighter)                 Turns: 2361, Time: 00:10:59

Health: -1/29      AC: 10    Str: 20    XL:     4   Next: 89%
Magic:  0/4        EV:  9    Int:  9    God:
Gold:   82         SH:  6    Dex:  9    Spells: 3/3 levels left

rFire   . . .      SeeInvis .   a - +0 war axe
rCold   + . .      Faith    .   f - +2 buckler
rNeg    + . .      Spirit   +   b - +0 scale mail
rPois   ∞          Reflect  .   (no helmet)
rElec   +          Harm     .   (no cloak)
rCorr   .          Rampage  .   (no gloves)
Will    +....                   (no boots)
Stlth   ..........              l - amulet of guardian spirit
HPRegen 0.09/turn               c - ring of protection from cold
MPRegen 0.09/turn               h - ring of willpower

@: mighty
A: sickness immunity, AC +3, negative energy resistance 1, electricity
resistance, torment resistance 1, petrification resistance
a: no special abilities


You were on level 3 of the Dungeon.
You visited 1 branch of the dungeon, and saw 3 of its levels.

You collected 82 gold pieces.

Inventory:

Hand Weapons
 a - a +0 war axe (weapon)
 j - a +0 hunting sling
Missiles
 e - 15 arrows
 m - 16 sling bullets
 o - 8 javelins (quivered)
Armour
 b - a +0 scale mail (worn)
 f - a +2 buckler (worn)
Jewellery
 c - a ring of protection from cold (left hand)
 h - a ring of willpower (right hand)
 l - an amulet of guardian spirit (around neck)
Scrolls
 i - a scroll of acquirement {unknown}
 k - 2 scrolls of identify {unknown}
Potions
 d - a potion of might
 g - a potion of degeneration {unknown}
 n - 2 potions of curing {unknown}


   Skills:
 + Level 3.9 Fighting
 + Level 2.7 Axes
 + Level 4.1 Armour
 + Level 0.3 Dodging
 + Level 0.6 Stealth
 + Level 4.0 Shields


You had 3 spell levels left.
You didn't know any spells.
Your spell library was empty.

Dungeon Overview and Level Annotations

Branches:
Dungeon (3/15)

Altars:

Shops:
D:2 *


Innate Abilities, Weirdness & Mutations

You are immune to sickness and miasma.
Your stone body is resilient. (AC +3)
You are immune to poison.
You resist negative energy. (rN+)
You are resistant to electric shocks. (rElec)
You are resistant to unholy torment.
You are immune to petrification.


Message History

The orc shouts! x2
The orc priest calls down the wrath of Beogh upon you.
Beogh smites you!
You feel very mighty all of a sudden. The orc hits you but does no damage.
The orc barely misses you.
You barely miss the orc priest. You closely miss the orc.
You barely miss the orc. The orc hits you with a +0 dagger.
The orc hits you but does no damage.
The orc priest mumbles some strange prayers to Beogh against you.
Beogh smites you!
* * * LOW HITPOINT WARNING * * *
You slice the orc priest!!
You kill the orc priest!
Your scale mail prevents you from hitting the orc.
You hit the orc. You block the orc's attack.
The orc hits you but does no damage. The orc hits you with a +0 whip.
* * * LOW HITPOINT WARNING * * *
Your Shields skill increases to level 4!
The orc hits you but does no damage.
You slash the orc!
You kill the orc!
You closely miss the orc.
The orc is heavily wounded.
You closely miss the orc. You barely miss the orc.
The orc is heavily wounded.
You barely miss the orc. The orc hits you but does no damage.
The orc hits you with a +0 dagger.
* * * LOW HITPOINT WARNING * * *
Unknown command.
You closely miss the orc.
The orc is heavily wounded.
You barely miss the orc. The orc closely misses you.
The orc hits you but does no damage.
You barely miss the orc.
The orc is heavily wounded.
You closely miss the orc. The orc barely misses you. x2
The orc hits you but does no damage. The orc hits you with a +0 whip.
You die...

# .## #######..#
#......#.#
####......#.##
#@o...........
..#####o##......#.##
....................
##.....)........##.#
#..................
....................
...........#........
...........#.######.
########.....#


You could see 2 orcs.

Vanquished Creatures
  An orc priest (D:3)
  3 adders
  2 dart slugs (D:1)
  An orc (D:3)
  4 endoplasms
  4 goblins (D:1)
  7 hobgoblins
  4 quokkas
  2 ball pythons (D:1)
  9 bats
  A frilled lizard (D:1)
  3 kobolds
  5 rats
46 creatures vanquished.

Notes
Turn   | Place    | Note
-------+----------+-------------------------------------------
     0 | D:1      | Sabo the Gargoyle Fighter began the quest for the Orb.
     0 | D:1      | Reached XP level 1. HP: 14/14 MP: 1/1
   406 | D:1      | Reached XP level 2. HP: 19/19 MP: 2/2
   795 | D:1      | Reached XP level 3. HP: 22/23 MP: 3/3
  1107 | D:1      | You fall into a shaft and drop 1 floor!
  2016 | D:2      | Found Icipitz's General Store.
  2027 | D:2      | Reached XP level 4. HP: 26/29 MP: 4/4
  2353 | D:3      | HP: 1/29 [orc (3)]
  2359 | D:3      | HP: 1/29 [orc (1)]
  2361 | D:3      | Slain by an orc

Illustrated notes

Levels and vault maps discovered:
D:1:      lightli_arrival_windingriver, layout_basic
D:2:      layout_rooms, serial_shops, shop, st_stairs_6
D:3:      layout_basic, good_gods_mini_temple, nicolae_qazlal_general_emergency

Skill      XL: |  1  2  3  4 |
---------------+-------------+-----
Axes           | 2 |  2.7
Armour         | 4 |  4.1
Shields        | 4 |  4.0
Fighting       | |  3.9
Dodging        | |  0.3
Stealth        | |  0.6

Action                   |  1- 3 |  4- 6 || total
-------------------------+-------+-------++-------
Melee: War axe           |   138 |    20 ||   158
  Use: Potion            |       |     1 ||     1
Armor: Scale mail        |    69 |    13 ||    82
Dodge: Dodged            |    61 |    10 ||    71
Block: Buckler           |    47 |     5 ||    52

Table legend: (Time is in decaauts)
 A = Elapsed time spent in this place.
 B = Non-inter-level travel time spent in this place.
 C = Inter-level travel time spent in this place.
 D = Time resting spent in this place.
 E = Time spent auto-exploring this place.
 F = Levels seen in this place.
 G = Mean time per level.
                   A        B        C        D        E       F      G
               +--------+--------+--------+--------+--------+-----+--------+
         Total |   2429 |   2429 |      0 |    658 |      0 |   3 |  809.7 |
       Dungeon |   2429 |   2429 |      0 |    658 |      0 |   3 |  809.7 |
               +--------+--------+--------+--------+--------+-----+--------+

Top non-repeatable levels by time:
     D:1: 1431 daAuts
     D:2: 860 daAuts
     D:3: 137 daAuts
